 Dungeon Crawl Stone Soup version 0.32-a0-141-g04fe69798e (webtiles) character file.

Game seed: 824205706043628825

52859 CoinPitGoblin the Eclecticist (level 14, -1/155 HPs)
             Began as an Oni Alchemist on Feb 11, 2024.
             Was an Initiate of Gozag.
             Slain by a harpy simulacrum (5 damage)
             ... in an ice cave.
             The game lasted 01:24:15 (22770 turns).

CoinPitGoblin the Eclecticist (Oni Alchemist)      Turns: 22770, Time: 01:24:17

Health: -1/155     AC:  5    Str: 16 (21) XL:     14   Next: 65%
Magic:  36/43      EV: 13    Int: 10 (20) God:    Gozag
Gold:   4622       SH:  0    Dex: 13 (15) Spells: 1/45 levels left

rFire   . . .        J - staff of alchemy
rCold   . . .        (no shield)
rNeg    . . .        t - +0 robe of Mouhiesmesm {Regen+ MP+9}
rPois   +            (helmet restricted)
rElec   +            a - +1 cloak {Will+}
rCorr   .            (gloves unavailable)
SInv    .            (boots unavailable)
Will    ++...        j - amulet of regeneration
Stlth   ++           e - +6 ring of dexterity
HPRegen 2.05/turn    n - +6 ring of strength
MPRegen 0.28/turn

%: no passive effects
@: very slightly contaminated
A: large, unfitting armour, horns 2, tough skin 1, double potion healing,
drunken brawling, claws 1, deterioration 2, poison resistance, robust 1,
electricity resistance, subdued magic 1
a: Renounce Religion, Potion Petition, Call Merchant, Bribe Branch


You were in an ice cave.
You worshipped Gozag.
Gozag was most pleased with you.
You visited 4 branches of the dungeon, and saw 18 of its levels.
You also visited: Bailey and Ice Cave.

You collected 5001 gold pieces.
You spent 231 gold pieces at shops.
You paid 148 gold pieces to Gozag.

Inventory:

Hand Weapons
 g - a +3 dagger of draining
 i - a +3 whip
 E - the +1 rapier of Lust {holy, rPois rN+++ Str-4 Int-4}
   (You found it on level 5 of the Lair of Beasts)

   Str-4:     It affects your strength (-4).
   Int-4:     It affects your intelligence (-4).
   rPois:     It protects you from poison rN+++: It renders you almost immune to
   negative energy.
Armour
 a - a +1 cloak of willpower (worn)
 q - an orb of mayhem
 t - the +0 robe of Mouhiesmesm (worn) {Regen+ MP+9}
   (You found it on level 5 of the Dungeon)

   MP+9:      It affects your magic capacity (+9).
   Regen+:    It increases your rate of health regeneration.
Magical Staves
 G - a staff of death
 J - a staff of alchemy (weapon)
Jewellery
 e - a +6 ring of dexterity (left claw)
 j - an amulet of regeneration (around neck)
 m - a ring of protection from fire
 n - a +6 ring of strength (right claw)
 H - a ring of wizardry
Talismans
 B - a maw talisman
 K - a serpent talisman
Wands
 l - a wand of roots (16)
 s - a wand of flame (20)
 u - a wand of polymorph (10)
 y - a wand of mindburst (26)
 C - a wand of charming (3)
Scrolls
 c - 6 scrolls of poison
 k - 9 scrolls of teleportation
 p - 4 scrolls of amnesia
 r - 3 scrolls of revelation
 v - 5 scrolls of enchant armour
 x - a scroll of vulnerability
 D - a scroll of enchant weapon
 I - a scroll of identify
 L - a scroll of acquirement {unknown}
Potions
 b - 3 potions of magic
 d - a potion of curing
 f - 3 potions of brilliance
 h - 2 potions of berserk rage
 o - 4 potions of haste
 w - a potion of might
 z - 3 potions of lignification
 A - 3 potions of enlightenment
 F - a potion of invisibility {unknown}


   Skills:
 + Level 9.9 Fighting
 + Level 9.1 Dodging
 - Level 1.4 Stealth
 + Level 16.4 Spellcasting
 + Level 7.7 Conjurations
 + Level 1.3 Hexes
 * Level 1.7 Necromancy
 + Level 13.2 Alchemy


You had one spell level left.
You knew the following spells:

 Your Spells              Type           Power      Damage    Failure   Level
a - Irradiate             Conj/Alch      16%        3d17      1%          5
b - Alistair's Intoxicat  Alch           26%        N/A       1%          5
c - Olgreb's Toxic Radia  Alch           39%        N/A       1%          4
d - Mephitic Cloud        Conj/Alch/Air  25%        N/A       1%          3
e - Swiftness             Air            6%         N/A       19%         3
f - Mercury Vapours       Alch/Air       48%        N/A       1%          2
g - Petrify               Alch/Erth      24%        N/A       3%          4
h - Ensorcelled Hibernat  Hex/Ice        14%        N/A       7%          2
i - Dispel Undead         Necr           8%         3d8       30%         4
q - Sting                 Conj/Alch      100%       1d9       1%          1
s - Sticky Flame          Fire/Alch      24%        2d6       3%          4
w - Jinxbite              Hex            16%        N/A       4%          2
x - Sublimation of Blood  Necr           8%         N/A       4%          2
z - Passwall              Erth           6%         N/A       19%         3

Your spell library contained the following spells:

 Spells                   Type           Power      Damage    Failure   Level
 Kiss of Death            Conj/Necr      52%        2d9       1%          1
 Apportation              Tloc           12%        N/A       5%          1
 Scorch                   Fire           12%        2d5       9%          2
 Confusing Touch          Hex            8%         N/A       10%         3
 Flame Wave               Conj/Fire      12%        2d6       12%         4
 Metabolic Englaciation   Hex/Ice        3%         N/A       80%         5
 Summon Cactus Giant      Summ           3%         N/A       100%        6
 Malign Gateway           Summ/Tloc      3%         N/A       100%        7
 Ozocubu's Refrigeration  Ice            3%         4d8       100%        7
 Summon Horrible Things   Summ           3%         N/A       100%        8


Dungeon Overview and Level Annotations

Branches:
Dungeon (11/15)            Temple (1/1) D:6            Lair (5/5) D:9
 Shoals (0/4) Lair:2        Snake (0/4) Lair:3        Slime (1/5) Lair:4
 Bailey (visited)           IceCv (1/1)
    Orc: D:9-12

Altars:
Ashenzari
Cheibriados
Dithmenos
Elyvilon
Fedhas
Gozag
Hepliaklqana
Kikubaaqudgha
Makhleb
Nemelex Xobeh
Okawaru
Qazlal
Ru
Sif Muna
Trog
Uskayaw
Vehumet
Wu Jian
Xom
Yredelemnul
Zin
The Shining One

Shops:
D:3 [   D:4 (==*   D:6 (   D:7 !   D:9 *


Innate Abilities, Weirdness & Mutations

You are too large for most types of armour.
You have a pair of horns on your head.
You have tough skin. (AC +1)
You gain doubled healing and magic from potions.
Whenever you drink a healing potion, you attack all around you.
You have sharp fingernails.
Your body often deteriorates upon taking damage.
Your system is resistant to poisons. (rPois)
You are robust. (+10% HP)
You are resistant to electric shocks. (rElec)
Your spells are a little easier to cast, but a little less powerful.


Message History

You savour every drop.
You feel better.
The harpy simulacrum closely misses you.
The harpy simulacrum claws you.
* * * LOW HITPOINT WARNING * * *
The harpy simulacrum freezes you!
* * * LOW HITPOINT WARNING * * *
Unknown command.
You take a swig of the potion and twirl your staff of alchemy.
You hit the dire elephant simulacrum but do no damage.
You headbutt the dire elephant simulacrum, but do no damage.
The dire elephant simulacrum is lightly damaged.
You hit the harpy simulacrum. You headbutt the harpy simulacrum.
The harpy simulacrum is moderately damaged.
You savour every drop.
You feel better.
The harpy simulacrum completely misses you.
The harpy simulacrum claws you.
* * * LOW HITPOINT WARNING * * *
The harpy simulacrum freezes you!
* * * LOW HITPOINT WARNING * * *
The harpy simulacrum claws you!
* * * LOW HITPOINT WARNING * * *
The harpy simulacrum freezes you!
* * * LOW HITPOINT WARNING * * *
The harpy simulacrum misses you.
The dire elephant simulacrum tramples you!
* * * LOW HITPOINT WARNING * * *
You hold your ground!
The dire elephant simulacrum trunk-slaps you but does no damage.
Okay, then.
Okay, then.
Press: ? - help, v - describe, . - travel The floor, spattered with blood.
As you read the scroll of fear, it crumbles to dust.
You assume a fearsome visage.
The harpy simulacrum is unaffected.
The dire elephant simulacrum is unaffected.
The harpy simulacrum misses you.
The harpy simulacrum closely misses you.
The harpy simulacrum claws you.
You die...
Your body crumbles into a pile of gold.

≈ ≈ ##### ≈
####...### ≈
###....#..@## #
##.....####ZZ#
###.....## #..#
##....####
#...## ##....##
#..⌠.. ##...###
##).[#. ##
#..#########
######. ..#
##...##....###
######..#
####....#...###
#..#.°.


You could see a dire elephant simulacrum and a harpy simulacrum.

Vanquished Creatures
  Gastronok (Lair:3)
  A hydra (Lair:3)
  A boulder beetle (D:11)
  5 two-headed ogres
  2 catoblepae (Lair:5)
  10 death yaks (Lair:5)
  A soul eater (D:9)
  A skyshark (Lair:3)
  Nergalle (Lair:3)
  A sixfirhy (D:9)
  4 manticores
  A cyclops (D:9)
  2 oklob plants (Lair:4)
  A merfolk siren (Lair:2)
  9 elephants (Lair:5)
  An ice statue (IceCv)
  Joseph (D:7)
  An orange demon (D:9)
  6 black mambas
  A torpor snail (Lair:3)
  Jeremiah (D:7)
  An unseen horror (D:10)
  2 rime drakes
  8 cane toads
  4 komodo dragons
  An ice devil (D:8)
  A red devil (D:9)
  4 trolls
  A merfolk (Lair:2)
  A hellwing (D:9)
  4 polar bears
  Grinder (D:6)
  11 blink frogs
  A shadow (D:9)
  A wraith (D:10)
  Sigmund (D:6)
  A ynoxinul (D:9)
  8 wyverns
  4 basilisks
  35 yaks
  2 death yak simulacra (IceCv)
  3 steam dragons
  A chaos spawn (D:9)
  Edmund (D:6)
  Menkaure (D:6)
  9 water moccasins
  A hydra simulacrum (IceCv)
  3 sky beasts
  13 orc warriors
  7 black bears
  13 ice beasts
  4 boggarts (Lair:5)
  14 centaurs
  8 wolves
  An ogre (D:5)
  2 kobold brigands (D:8)
  7 bullfrogs
  7 two-headed ogre simulacra (IceCv)
  3 scorpions
  2 cane toad simulacra (IceCv)
  26 wights
  4 killer bees (D:10)
  4 howler monkeys
  3 electric eels
  3 bombardier beetles
  4 quasits
  7 hounds
  5 orc priests
  4 jellies
  2 gnoll boudas
  10 orc wizards
  6 hell rats (Lair:3)
  4 iguanas
  A polar bear simulacrum (IceCv)
  5 troll simulacra (IceCv)
  A wolf simulacrum (IceCv)
  5 spriggan simulacra (IceCv)
  7 adders
  22 gnolls
  3 naga simulacra (IceCv)
  A shadow imp (D:7)
  7 white imps
  9 ufetubi
  56 orcs
  4 ball pythons
  7 bats
  3 endoplasms
  5 giant cockroaches
  11 goblins
  10 hobgoblins
  3 jackals (D:3)
  15 kobolds
  4 quokkas
  3 frilled lizards (D:1)
  4 rats
512 creatures vanquished.

Vanquished Creatures (collateral kills)
  A basilisk (Lair:4)
  4 orcs (Bailey)
5 creatures vanquished.

Vanquished Creatures (others)
  A catoblepas (Lair:5)
1 creature vanquished.

Grand Total: 518 creatures vanquished

Notes
Turn   | Place    | Note
-------+----------+-------------------------------------------
     0 | D:1      | CoinPitGoblin the Oni Alchemist began the quest for the
                  | Orb.
     0 | D:1      | Reached XP level 1. HP: 16/16 MP: 3/3
    58 | D:1      | Reached skill level 1 in Conjurations
   182 | D:1      | Reached XP level 2. HP: 18/24 MP: 0/5
  1151 | D:1      | Reached XP level 3. HP: 32/32 MP: 7/7
  1211 | D:1      | Reached skill level 3 in Spellcasting
  1416 | D:2      | Reached XP level 4. HP: 27/40 MP: 4/8
  1617 | D:2      | Reached skill level 1 in Fighting
  1665 | D:2      | Learned a level 2 spell: Jinxbite
  1668 | D:2      | Learned a level 2 spell: Mercury Vapours
  1672 | D:2      | Learned a level 3 spell: Mephitic Cloud
  2109 | D:3      | Reached XP level 5. HP: 20/49 MP: 2/10
  2236 | D:3      | Found Fedaf's Antique Armour Shoppe.
  2798 | D:3      | Found a faded altar of an unknown god.
  3334 | D:4      | Reached skill level 4 in Spellcasting
  3511 | D:4      | Reached XP level 6. HP: 48/57 MP: 5/12
  3567 | D:4      | Found a glowing golden altar of the Shining One.
  3780 | D:4      | Noticed a black bear
  3790 | D:4      | Killed a black bear
  3791 | D:4      | Reached XP level 7. HP: 65/66 MP: 6/14
  3881 | D:4      | Found a sacrificial altar of Ru.
  4050 | D:4      | Found Ninut Elopo's Jewellery Boutique.
  4077 | D:4      | Reached skill level 5 in Spellcasting
  4181 | D:4      | Found Luuggi's General Store.
  4286 | D:4      | Found a white marble altar of Elyvilon.
  4348 | D:4      | Found Tyesinoi's Antique Weapon Boutique.
  4432 | D:4      | Found Ehuaclas's Jewellery Boutique.
  4651 | D:5      | Entered Level 5 of the Dungeon
  4767 | D:5      | Noticed a two-headed ogre
  4779 | D:5      | Killed a two-headed ogre
  4780 | D:5      | Reached skill level 6 in Spellcasting
  4780 | D:5      | Reached skill level 5 in Alchemy
  4780 | D:5      | Reached XP level 8. HP: 77/78 MP: 11/17
  4968 | D:5      | Found an ancient bone altar of Kikubaaqudgha.
  5097 | D:5      | Reached skill level 7 in Spellcasting
  5097 | D:5      | Reached XP level 9. HP: 83/85 MP: 15/19
  5124 | D:5      | Found a stormy altar of Qazlal.
  5131 | D:5      | Identified the +0 robe of Mouhiesmesm {Regen+ MP+9}
  5775 | D:6      | Noticed Sigmund
  5781 | D:6      | Killed Sigmund
  5826 | D:6      | Noticed Menkaure
  5833 | D:6      | Killed Menkaure
  6001 | D:6      | Reached skill level 5 in Fighting
  6018 | D:6      | Learned a level 5 spell: Irradiate
  6023 | D:6      | Learned a level 4 spell: Sticky Flame
  6027 | D:6      | Learned a level 3 spell: Passwall
  6088 | D:6      | Noticed Grinder
  6107 | D:6      | Reached skill level 1 in Hexes
  6114 | D:6      | Reached skill level 8 in Spellcasting
  6115 | D:6      | Killed Grinder
  6116 | D:6      | Reached skill level 5 in Conjurations
  6286 | D:6      | Noticed Edmund
  6303 | D:6      | Killed Edmund
  6304 | D:6      | Reached skill level 5 in Dodging
  6403 | D:6      | Found a basalt altar of Yredelemnul.
  6608 | D:6      | Found Wesorch's Weapon Shop.
  6819 | D:6      | Reached XP level 10. HP: 96/96 MP: 22/22
  6909 | D:6      | Found a staircase to the Ecumenical Temple.
  7133 | Temple   | Entered the Ecumenical Temple
  7158 | Temple   | Became a worshipper of Gozag Ym Sagoz the Greedy
  7286 | D:7      | Noticed Jeremiah
  7412 | D:7      | Killed Jeremiah
  7413 | D:7      | Reached skill level 9 in Spellcasting
  7417 | D:7      | Noticed Joseph
  7472 | D:7      | Killed Joseph
  7709 | D:7      | Found a flagged portal.
  7728 | Bailey   | Entered a bailey
  8755 | Bailey   | Reached skill level 10 in Spellcasting
  9258 | D:7      | Reached XP level 11. HP: 84/106 MP: 9/25
  9540 | D:7      | Got the Catalogue of Firn
 10082 | D:7      | Found Bozukh's Distillery.
 10088 | D:7      | Bought a potion of heal wounds for 55 gold pieces
 10088 | D:7      | Bought a potion of heal wounds for 55 gold pieces
 10088 | D:7      | Bought a potion of mutation for 88 gold pieces
 10088 | D:7      | Bought a potion of curing for 33 gold pieces
 10139 | D:7      | Found a blossoming altar of Fedhas.
 10638 | D:8      | Noticed a two-headed ogre
 10673 | D:8      | Killed a two-headed ogre
 10674 | D:8      | Reached skill level 11 in Spellcasting
 11557 | D:9      | Noticed a cyclops
 11850 | D:9      | Killed a cyclops
 11944 | D:8      | Learned a level 5 spell: Alistair's Intoxication
 11948 | D:8      | Learned a level 3 spell: Swiftness
 12075 | D:9      | Noticed a soul eater
 12283 | D:9      | Found Zin's Purification Station.
 12590 | D:9      | Noticed a sixfirhy
 12593 | D:9      | Found a glowing silver altar of Zin.
 12601 | D:9      | Killed a sixfirhy
 12840 | D:8      | Learned a level 2 spell: Sublimation of Blood
 12945 | D:9      | Reached XP level 12. HP: 97/117 MP: 27/27
 12958 | D:9      | Reached skill level 12 in Spellcasting
 13095 | D:9      | Found an iron altar of Okawaru.
 13366 | D:9      | Found a shimmering blue altar of Sif Muna.
 13419 | D:9      | Killed a soul eater
 13506 | D:9      | Found a staircase to the Lair.
 13584 | D:9      | Found an ornate altar of the Wu Jian Council.
 13777 | Lair:1   | Entered Level 1 of the Lair of Beasts
 13865 | Lair:1   | Reached skill level 10 in Alchemy
 13877 | Lair:1   | Gained mutation: You are frail. (-10% HP) [mutagenic glow]
 13990 | Lair:1   | Lost mutation: You are frail. (-10% HP) [potion of
                  | mutation]
 13990 | Lair:1   | Gained mutation: You are partially covered in iridescent
                  | scales. (AC +2) [potion of mutation]
 13990 | Lair:1   | Gained mutation: You are vulnerable to heat. (rF-) [potion
                  | of mutation]
 13990 | Lair:1   | Gained mutation: You are clumsy. (Dex -2) [potion of
                  | mutation]
 13990 | Lair:1   | Gained mutation: Your spells are a little harder to cast,
                  | but a little more powerful. [potion of mutation]
 13991 | Lair:1   | Lost mutation: You are clumsy. (Dex -2) [potion of
                  | mutation]
 13991 | Lair:1   | Lost mutation: Your spells are a little harder to cast, but
                  | a little more powerful. [potion of mutation]
 13991 | Lair:1   | Lost mutation: You are partially covered in iridescent
                  | scales. (AC +2) [potion of mutation]
 13991 | Lair:1   | Gained mutation: You are clumsy. (Dex -2) [potion of
                  | mutation]
 13991 | Lair:1   | Gained mutation: Your spells are a little easier to cast,
                  | but a little less powerful. [potion of mutation]
 13991 | Lair:1   | Gained mutation: You have a pair of horns on your head.
                  | [potion of mutation]
 13992 | Lair:1   | Lost mutation: You are vulnerable to heat. (rF-) [potion of
                  | mutation]
 13992 | Lair:1   | Lost mutation: You are clumsy. (Dex -2) [potion of
                  | mutation]
 13992 | Lair:1   | Gained mutation: You have sharp fingernails. [potion of
                  | mutation]
 13992 | Lair:1   | Gained mutation: Your system is resistant to poisons.
                  | (rPois) [potion of mutation]
 13992 | Lair:1   | Gained mutation: You have a somewhat thin skeletal
                  | structure. (Dex +2, Stealth+) [potion of mutation]
 13992 | Lair:1   | Gained mutation: You have supernaturally acute eyesight.
                  | (SInv) [potion of mutation]
 14244 | Lair:1   | You fall into a shaft and drop 1 floor!
 14631 | Lair:2   | Found a staircase to the Shoals.
 14809 | Lair:2   | Reached skill level 13 in Spellcasting
 15957 | Lair:3   | Found a staircase to the Snake Pit.
 16035 | Lair:3   | Noticed an eight-headed hydra
 16042 | Lair:3   | Killed an eight-headed hydra
 16042 | Lair:3   | Noticed a skyshark
 16063 | Lair:3   | Killed a skyshark
 16149 | Lair:3   | Reached XP level 13. HP: 33/127 MP: 14/30
 16630 | Lair:3   | Noticed Nergalle
 16640 | Lair:3   | Killed Nergalle
 16676 | Lair:3   | Found a white marble altar of Elyvilon.
 16690 | Lair:3   | Noticed Gastronok
 16728 | Lair:3   | Killed Gastronok
 16729 | Lair:3   | Reached skill level 14 in Spellcasting
 16744 | Lair:3   | Learned a level 4 spell: Olgreb's Toxic Radiance
 16749 | Lair:3   | Learned a level 4 spell: Petrify
 16752 | Lair:3   | Learned a level 2 spell: Ensorcelled Hibernation
 17192 | Lair:4   | Found a staircase to the Slime Pits.
 17436 | Lair:4   | Gained mutation: Your body sometimes deteriorates upon
                  | taking damage. [mutagenic glow]
 17485 | Slime:1  | Entered Level 1 of the Pits of Slime
 17485 | Slime:1  | Noticed a formless jellyfish
 17485 | Slime:1  | Noticed an acid blob
 18204 | Lair:5   | Entered Level 5 of the Lair of Beasts
 18851 | Lair:5   | Reached skill level 15 in Spellcasting
 19338 | Lair:5   | Reached XP level 14. HP: 140/140 MP: 22/33
 20389 | Lair:5   | Reached skill level 16 in Spellcasting
 20416 | Lair:5   | Learned a level 4 spell: Dispel Undead
 20533 | Lair:5   | Identified the +1 rapier of Lust {holy, rPois rN+++ Str-4
                  | Int-4}
 20645 | Lair:5   | Lost mutation: You have a somewhat thin skeletal structure.
                  | (Dex +2, Stealth+) [potion of mutation]
 20645 | Lair:5   | Lost mutation: You have supernaturally acute eyesight.
                  | (SInv) [potion of mutation]
 20645 | Lair:5   | Gained mutation: Your body often deteriorates upon taking
                  | damage. [potion of mutation]
 20645 | Lair:5   | Gained mutation: You are robust. (+10% HP) [potion of
                  | mutation]
 20645 | Lair:5   | Gained mutation: You are resistant to electric shocks.
                  | (rElec) [potion of mutation]
 20838 | D:10     | Entered Level 10 of the Dungeon
 21270 | D:10     | Found a shadowy altar of Dithmenos.
 21322 | D:10     | Found a bloodstained altar of Trog.
 21668 | D:11     | Reached skill level 1 in Necromancy
 21708 | D:11     | Found a frozen archway.
 21726 | IceCv    | Entered an ice cave
 22769 | IceCv    | HP: 2/155 [dire elephant simulacrum (11)]
 22770 | IceCv    | Slain by a harpy simulacrum

Illustrated notes

Levels and vault maps discovered:
D:1:      minmay_arrival_cross, layout_basic
D:2:      layout_rooms
D:3:      layout_loops_ring, shapermc_ecumenical_altar_flowoftime, serial_shops,
          nicolae_shop_pleasant_corner_grove, kennysheep_minor_cross
D:4:      layout_basic, kennysheep_mini_moat, lemuel_crystal_altar,
          amcnicky_altar_gilded, serial_shops, shop, shop, shop, shop_fountains,
          minivault_24, st_stairs_10, minmay_a_box_with_orc_wizards_in_it
D:5:      layout_basic, nicolae_qazlal_general_emergency,
          kiku_gazebo_pond_becter
D:6:      layout_basic, lemuel_tele_altar, minmay_temple_entry_nine_rooms,
          serial_shops, shop, uniq_menkaure, uniq_sigmund, uniq_edmund,
          uniq_grinder
D:7:      layout_loops_ring, fedhas_altar_fruit_tree, serial_shops,
          kennysheep_little_box, enter_bailey_4, serial_bayou,
          serial_bayou_pond_c, serial_bayou_pond_d, serial_bayou_pond_a,
          serial_bayou_ford_a, kennysheep_pointless_box, minmay_alternating_orb,
          uniq_jeremiah, uniq_joseph
D:8:      layout_basic, kennysheep_nub, nicolae_underground_beach
D:9:      layout_gridville, mainiacjoe_overflow_chevrons, zin_purify,
          hellmonk_sif_muna_bookshelves, mainiacjoe_overflow_boulevard,
          hellmonk_lair_entry_icy, serial_demonic, serial_demonic_b,
          serial_demonic_d, serial_demonic_f, serial_demonic_d,
          grunt_ministairs_15, minmay_sticks_and_stones
D:10:     layout_rooms, mainiacjoe_overflow_catch_the_wave
D:11:     layout_loops_ring, portal_ice_cave_entry_pillars_2,
          small_statue_intersection
Temple:   hellmonk_temple_forest_ring
Lair:1:   layout_loops_ring, chequers_serial_rivers_micro_a, minmay_holes,
          grunt_megastairs_4
Lair:2:   layout_gridlike, elwin_shoals_entry_rooms,
          chequers_serial_rivers_micro_d, beast_lair_carwin_2
Lair:3:   layout_loops_ring, dummy_snake_entry, basic_altar, lemuel_fruit_tree,
          uniq_kirke, uniq_nergalle, uniq_gastronok
Lair:4:   layout_gridlike, minmay_slime_entry_oklob_open
Lair:5:   evilmike_catoblepas_cave, layout_regular_city, kilobyte_rumbling_trees
Slime:1:  layout_caves
IceCv:    ice_cave_caverns_01

Skill      XL: |  1  2  3  4  5  6  7  8  9 10 11 12 13 14 |
---------------+-------------------------------------------+-----
Conjurations   | 1 2 4 5 6 7 |  7.7
Alchemy        | 3 4 5 6 7 9 10 12 13 | 13.2
Dodging        | 2 3 4 5 7 8 9 |  9.1
Spellcasting   | 3 4 6 7 8 10 11 13 15 16 | 16.4
Fighting       | 1 2 4 5 6 7 8 9 |  9.9
Hexes          | 1 |  1.3
Necromancy     | 1 |  1.7
Stealth        | |  1.4

Action                     |  1- 3 |  4- 6 |  7- 9 | 10-12 | 13-15 || total
---------------------------+-------+-------+-------+-------+-------++-------
  Melee: Unarmed           |    26 |       |       |       |       ||    26
         Headbutt          |     6 |    11 |    34 |    93 |    76 ||   220
         Punch             |     1 |     2 |    12 |    42 |    19 ||    76
         Whip              |    31 |       |       |       |       ||    31
         Dagger            |     1 |    92 |   111 |   348 |   153 ||   705
         Staff             |       |       |       |       |    13 ||    13
   Cast: Sting             |    34 |    65 |   163 |   276 |     6 ||   544
         Jinxbite          |       |     4 |     3 |     2 |     1 ||    10
         Mercury Vapours   |       |     2 |     1 |     1 |     1 ||     5
         Mephitic Cloud    |       |       |     5 |    10 |     2 ||    17
         Sticky Flame      |       |       |     1 |   122 |   163 ||   286
         Irradiate         |       |       |       |    20 |    18 ||    38
         Olgreb's Toxic Ra |       |       |       |       |    32 ||    32
         Petrify           |       |       |       |       |     7 ||     7
         Dispel Undead     |       |       |       |       |     1 ||     1
         Alistair's Intoxi |       |       |       |       |     1 ||     1
  Evoke: Wand              |       |       |       |       |    11 ||    11
    Use: Scroll            |     8 |     4 |     3 |     3 |     6 ||    24
         Potion            |       |       |     4 |    10 |     7 ||    21
   Stab: Confused          |       |       |     1 |     1 |     1 ||     3
         Sleeping          |       |       |       |     1 |     1 ||     2
         Petrified         |       |       |       |       |     4 ||     4
         Distracted        |       |       |       |       |     1 ||     1
 Armour: Robe              |    73 |   119 |   141 |   618 |   334 ||  1285
  Dodge: Dodged            |    61 |    67 |    97 |   518 |   238 ||   981
         Form:             |       |       |       |     1 |       ||     1
         Maw               |       |       |       |     1 |       ||     1

Table legend: (Time is in decaauts)
 A = Elapsed time spent in this place.
 B = Non-inter-level travel time spent in this place.
 C = Inter-level travel time spent in this place.
 D = Time resting spent in this place.
 E = Time spent auto-exploring this place.
 F = Levels seen in this place.
 G = Mean time per level.
                   A        B        C        D        E       F      G
               +--------+--------+--------+--------+--------+-----+--------+
         Total |  22846 |  21296 |   1550 |   1050 |  15521 |  20 | 1142.3 |
       Dungeon |  13262 |  12117 |   1145 |    657 |   8895 |  11 | 1205.6 |
        Temple |     43 |     26 |     17 |      0 |      0 |   1 |   43.0 |
          Lair |   7081 |   6693 |    388 |    368 |   5061 |   5 | 1416.2 |
    Slime Pits |      1 |      1 |      0 |      0 |      0 |   1 |    1.0 |
        Bailey |   1411 |   1411 |      0 |      4 |    804 |   1 | 1411.0 |
      Ice Cave |   1045 |   1045 |      0 |     21 |    761 |   1 | 1045.0 |
               +--------+--------+--------+--------+--------+-----+--------+

Top non-repeatable levels by time:
  Lair:5: 2545 daAuts
     D:8: 1947 daAuts
     D:7: 1699 daAuts
     D:9: 1597 daAuts
     D:6: 1449 daAuts
     D:3: 1433 daAuts
  Bailey: 1411 daAuts
     D:1: 1289 daAuts
     D:4: 1249 daAuts
  Lair:2: 1241 daAuts
  Lair:3: 1236 daAuts
     D:5: 1056 daAuts
   IceCv: 1045 daAuts
  Lair:4: 1034 daAuts
  Lair:1: 1023 daAuts
